Map: Lightshade LE

Players

INnoVation - Winner!

  • Race: Terran Terran
  • Spawn Location: 5:00

TIME (Oliveira)

  • Race: Terran Terran
  • Spawn Location: 11:00

Event: IEM Katowice 2021

VOD

Have the link to the VOD?

Description

Time

  • Played on: Feb. 23, 2021, 8:31 a.m.
  • Length: 9:42

All games in this series

Show
View Real Time Build Order
Export as new Build Order

INnoVation Terran - Winner!

Build Orders:  

Get SALT Encoding   

  12  0:00  SCV  
  13  0:12  SCV  
  14  0:16  Supply Depot  
  14  0:24  SCV  
  15  0:38  SCV  
  15  0:39  Barracks  
  16  0:43  Refinery  
  16  0:50  SCV  
  16  0:53  Refinery  
  17  1:02  SCV  
  18  1:14  SCV  
  19  1:26  Reaper, Orbital Command  
  19  1:28  Supply Depot  
  20  1:42  Factory  
  20  1:52  SCV  
  21  1:58  Reaper  
  22  2:04  SCV  
  23  2:16  SCV  
  23  2:20  Command Center  
  24  2:26  Hellion  
  24  2:28  SCV  
  27  2:35  Barracks Reactor  
  27  2:36  Supply Depot  
  27  2:40  SCV  
  28  2:47  Starport  
  28  2:50  Factory Tech Lab  
  28  2:53  SCV  
  30  3:05  SCV  
  30  3:08  Siege Tank  
  30  3:11  Marine x2  
  35  3:14  Refinery  
  35  3:17  SCV  
  36  3:24  Medivac  
  38  3:29  Marine  
  38  3:32  SCV, Marine  
  41  3:37  Orbital Command  
  45  3:48  SCV  
  45  3:51  Marine x2  
  45  3:53  Cyclone  
  45  3:54  Starport Tech Lab  
  47  4:02  Supply Depot  
  47  4:03  SCV x2  
  49  4:12  Raven  
  49  4:14  Marine x2  
  49  4:16  SCV  
  54  4:23  SCV  
  55  4:25  Siege Tank  
  55  4:29  Supply Depot  
  57  4:32  Marine x2  
  57  4:33  SCV  
  57  4:35  SCV  
  60  4:45  SCV  
  60  4:47  SCV  
  60  4:50  Marine x2  
  60  4:51  Supply Depot  
  64  4:55  Raven  
  67  5:00  SCV x2  
  68  5:08  Command Center  
  68  5:13  Supply Depot, Siege Tank  
  71  5:15  SCV x2  
  71  5:20  Marine x2  
  75  5:27  SCV x2  
  77  5:29  Supply Depot  
  75  5:39  SCV x2  
  77  5:51  Starport Reactor  
  77  5:53  SCV x2  
  77  5:55  Stimpack, Marine  
  80  6:00  Barracks  
  80  6:01  Engineering Bay x2  
  80  6:02  Barracks, Siege Tank  
  83  6:07  SCV x2  
  85  6:11  Refinery  
  85  6:13  Marine  
  86  6:21  Orbital Command  
  86  6:22  SCV x2  
  88  6:28  Terran Infantry Armor Level 1, Terran Infantry Weapons Level 1  
  64  6:41  SCV x2, Marine  
  64  6:42  Siege Tank  
  70  6:51  Marine x2  
  70  6:52  Starport Reactor  
  70  6:53  SCV, Orbital Command  
  73  6:54  Marine x2  
  73  6:55  Barracks  
  73  6:56  Barracks  
  73  6:57  SCV  
  76  7:03  Missile Turret  
  76  7:04  Missile Turret  
  76  7:07  SCV  
  76  7:09  SCV, Missile Turret  
  76  7:14  Siege Tank  
  80  7:16  Marine x3  
  80  7:17  Marine x2  
  80  7:18  Sensor Tower  
  80  7:20  SCV x2  
  80  7:22  SCV  
  88  7:29  Supply Depot  
  88  7:30  Supply Depot  
  88  7:34  Marine x4  
  88  7:35  Marine  
  88  7:37  Medivac x2, Combat Shield  
  95  7:42  SCV x3  
  95  7:43  Missile Turret  
  95  7:44  Barracks Reactor x2  
  100  7:47  Armory  
  100  7:51  Siege Tank  
  100  7:57  Missile Turret  
  103  7:59  Marine x4  
  103  8:03  SCV x3  
  92  8:15  SCV x3  
  92  8:18  Medivac  
  92  8:19  Medivac  
  96  8:20  Marine  
  96  8:21  Marine x8  
  105  8:27  SCV x2  
  105  8:28  SCV  
  108  8:38  Marine  
  108  8:39  SCV  
  108  8:40  SCV x2  
  108  8:41  Marine x4  
  112  8:42  Marine  
  112  8:44  Marine x2, Supply Depot  
  112  8:45  Marine, Supply Depot  
  119  8:51  SCV  
  119  8:52  SCV x2  
  122  8:59  Marine x3  
  122  9:00  Marine  
  125  9:05  SCV x2, Marine x3  
  125  9:06  SCV  
  128  9:12  Marine x2  
  128  9:16  Marine  
  134  9:17  SCV x2, Marine  
  134  9:18  SCV  
  134  9:20  Marine x2  
  134  9:23  Marine  
  141  9:26  Supply Depot  
  141  9:28  Supply Depot  
  141  9:29  Supply Depot  
Show
View Real Time Build Order
Export as new Build Order

TIME Terran 

Build Orders:  

Get SALT Encoding   

  12  0:00  SCV  
  13  0:12  SCV  
  14  0:17  Supply Depot  
  14  0:25  SCV  
  15  0:39  SCV, Barracks  
  16  0:44  Refinery  
  16  0:51  SCV  
  16  0:52  Refinery  
  17  1:03  SCV  
  18  1:15  SCV  
  19  1:26  Reaper  
  19  1:27  Orbital Command  
  19  1:29  Supply Depot  
  20  1:43  Factory  
  20  1:53  SCV  
  21  1:59  Reaper  
  22  2:05  SCV  
  23  2:17  SCV  
  23  2:20  Command Center  
  24  2:26  Widow Mine  
  24  2:29  SCV  
  27  2:31  Barracks Reactor  
  27  2:35  Supply Depot  
  27  2:41  SCV  
  28  2:48  Factory Tech Lab  
  28  2:53  SCV  
  28  2:54  Starport  
  30  3:05  SCV  
  30  3:06  Cyclone  
  30  3:07  Marine  
  30  3:08  Marine  
  35  3:17  SCV  
  36  3:25  Marine  
  36  3:26  Marine  
  38  3:31  SCV  
  38  3:32  Orbital Command  
  39  3:43  Marine  
  39  3:44  Raven, Barracks, Marine  
  39  3:48  Factory Tech Lab  
  43  3:50  SCV  
  44  3:58  SCV  
  44  4:00  Marine  
  46  4:03  SCV  
  46  4:04  Supply Depot  
  46  4:06  Marine  
  48  4:10  SCV  
  48  4:11  Siege Tank  
  48  4:15  SCV  
  53  4:18  Marine  
  54  4:26  SCV  
  55  4:33  Command Center  
  55  4:34  SCV  
  55  4:37  Starport Reactor  
  56  4:41  SCV  
  56  4:42  Supply Depot  
  56  4:44  Stimpack, Marine, Refinery  
  58  4:47  Marine x2  
  58  4:50  SCV  
  61  4:55  SCV  
  62  5:03  Supply Depot, Marine  
  62  5:04  SCV, Supply Depot  
  62  5:06  Marine x2  
  66  5:08  SCV  
  67  5:18  Medivac  
  67  5:20  SCV  
  70  5:25  Medivac, SCV, Marine x2  
  75  5:31  Engineering Bay x2  
  75  5:32  Siege Tank  
  75  5:33  Marine  
  75  5:34  Refinery  
  77  5:37  SCV  
  77  5:38  SCV  
  79  5:43  Marine  
  79  5:48  Marine  
  78  5:51  Marine  
  78  5:52  SCV  
  77  5:58  Medivac x2, Orbital Command  
  77  5:59  SCV  
  77  6:00  Marine  
  79  6:04  SCV  
  79  6:06  Terran Infantry Weapons Level 1  
  79  6:07  Marine  
  79  6:11  Marine  
  81  6:12  SCV  
  81  6:16  SCV  
  83  6:19  Marine  
  83  6:21  Siege Tank  
  83  6:24  SCV  
  83  6:25  Marine  
  85  6:35  Marine  
  85  6:36  Orbital Command  
  85  6:37  Marine  
  60  6:40  SCV x2  
  60  6:43  Marine  
  67  6:50  Terran Infantry Armor Level 1  
  67  6:51  Combat Shield  
  67  6:52  SCV x2  
  67  6:53  Marine  
  66  6:55  Barracks, Marine  
  67  7:02  Siege Tank  
  67  7:04  SCV x2  
  67  7:05  SCV  
  67  7:07  Marine  
  74  7:09  Starport Reactor  
  74  7:13  Marine  
  75  7:16  SCV x2  
  75  7:17  SCV  
  75  7:20  Marine  
  79  7:25  Marine  
  79  7:28  SCV  
  79  7:29  SCV x2  
  83  7:31  Marine  
  87  7:37  Siege Tank  
  87  7:38  Marine  
  87  7:40  SCV  
  87  7:41  SCV, Armory  
  87  7:42  SCV  
  87  7:43  Marine x2  
  93  7:47  Marine  
  93  7:52  Marine  
  93  7:53  SCV x2, Barracks  
  93  7:55  SCV  
  93  7:57  Barracks, Marine  
  82  8:15  Marine x2  
  82  8:16  Siege Tank  
  82  8:17  Medivac x2  
  82  8:18  SCV x3  
  86  8:21  Marine  
  86  8:22  Marine x2  
  89  8:30  SCV x3, Supply Depot x2  
  89  8:33  Marine  
  93  8:38  Marine  
  93  8:39  Refinery x2  
  93  8:41  Barracks Reactor  
  94  8:42  SCV x3  
  94  8:43  Supply Depot  
  94  8:44  Marine  
  94  8:47  Barracks Reactor  
  94  8:48  Marine  
  98  8:49  Medivac  
  98  8:51  Medivac  
  98  8:54  SCV x3, Siege Tank  
  98  8:55  Marine  
  110  8:57  Missile Turret  
  110  9:04  Marine  
  110  9:08  Marine  
  110  9:09  Marine x2  
  109  9:13  Marine  
  109  9:14  SCV x2  
  109  9:15  SCV  
  110  9:21  Marine  
  110  9:22  Marine  
  110  9:24  Marine  
  112  9:26  SCV  
  112  9:27  SCV  

Tags
 
Add a new tag
Caveats
  • Supply blocks, unpowered buildings, or Contaminate may cause inaccurate times.
  • Supply counts are checked every 10 seconds.